 Dungeon Crawl Stone Soup version 0.28-a0-938-gbc3f381ebc (webtiles) character file.

Game seed: 11936285226877593647

54 bande the Shield-Bearer (level 3, -1/23 HPs)
             Began as a Gargoyle Fighter on Nov 28, 2021.
             Slain by an ogre (24 damage)
             ... on level 2 of the Dungeon.
             The game lasted 00:03:06 (1279 turns).

bande the Shield-Bearer (Gargoyle Fighter)          Turns: 1279, Time: 00:03:07

Health: -1/23      AC: 14    Str: 20    XL:     3   Next: 91%
Magic:  3/3        EV:  7    Int:  8    God:
Gold:   39         SH:  4    Dex:  9    Spells: 2/2 levels left

rFire   . . .      SeeInvis .   a - +1 war axe
rCold   . . .      Faith    .   c - +0 buckler
rNeg    + . .      Spirit   .   j - +0 chain mail
rPois   ∞          Reflect  .   f - +2 hat
rElec   +          Harm     .   (no cloak)
rCorr   .          Rampage  .   (no gloves)
Will    .....                   (no boots)
Stlth   ..........              k - amulet of regeneration
HPRegen 0.87/turn               (no ring)
MPRegen 0.08/turn               (no ring)

@: no status effects
A: sickness immunity, AC +3, negative energy resistance 1, electricity
resistance, torment resistance 1, petrification resistance
a: no special abilities


You were on level 2 of the Dungeon.
You visited 1 branch of the dungeon, and saw 2 of its levels.

You collected 39 gold pieces.

Inventory:

Hand Weapons
 a - a +1 war axe (weapon)
 l - a +0 flail
Armour
 c - a +0 buckler (worn)
 f - a +2 hat (worn)
 j - a +0 chain mail (worn)
Jewellery
 i - a ring of fire
 k - an amulet of regeneration (around neck)
Scrolls
 b - a scroll of amnesia {unknown}
 g - 2 scrolls of torment
Potions
 d - a potion of might
 e - a potion of heal wounds {unknown}
 m - a potion of invisibility


   Skills:
 + Level 3.6 Fighting
 + Level 2.8 Axes
 + Level 3.7 Armour
 + Level 3.7 Shields


You had 2 spell levels left.
You didn't know any spells.
Your spell library was empty.

Dungeon Overview and Level Annotations

Branches:
Dungeon (2/15)

Altars:

Shops:
D:2 *


Innate Abilities, Weirdness & Mutations

You are immune to sickness and miasma.
Your stone body is resilient. (AC +3)
You are immune to poison.
You resist negative energy. (rN+)
You are resistant to electric shocks. (rElec)
You are resistant to unholy torment.
You are immune to petrification.


Message History

The ball python hisses angrily.
The ball python bites you but does no damage.
The ball python grabs you. The ball python constricts you.
You closely miss the ball python. The ball python barely misses you.
The ball python constricts you.
You slash the ball python!
You kill the ball python!
No target in view!
No target in view!
No target in view!
No target in view!
No target in view!
You open the door.
There is an open door here.
Found an escape hatch in the floor.
e - a silvery potion No target in view!
No target in view!
No target in view!
You open the door.
There is an open door here.
Found a stone staircase leading up.
You now have 39 gold pieces (gained 17).
There is an open door here.
You open the door. You open the door.
There is an open door here.
You open the door.
There is an open door here.
You open the door.
There is an open door here.
An ogre comes into view. It is wielding a +0 giant club.
Found a spear.
The ogre shouts!
You slash the ogre!
The ogre is moderately wounded.
The ogre hits you but does no damage.
The ogre hits you with a +0 giant club!!
Ouch! That really hurt!
You die...

#. #.# ### #.. ..# #.#
#.# #.# #.# ###### #.#
#.# #.....
#####.####.######.....
###.....................
.......@####.###........
.......O# #...'..(.#'##
........# #####....#.#
........# #....#.#
###+###.# ###.##.# #.#
#.##.## ..# #.##.## ..#
#.##.## #.##.##


You could see an ogre.

Vanquished Creatures
  An adder (D:2)
  3 dart slugs
  7 bats
  2 endoplasms
  4 giant cockroaches
  2 goblins
  4 hobgoblins
  6 ball pythons
  A frilled lizard (D:1)
  5 kobolds
  5 rats
40 creatures vanquished.

Notes
Turn   | Place    | Note
-------+----------+-------------------------------------------
     0 | D:1      | bande the Gargoyle Fighter began the quest for the Orb.
     0 | D:1      | Reached XP level 1. HP: 14/14 MP: 1/1
   183 | D:1      | Reached XP level 2. HP: 18/19 MP: 2/2
   668 | D:1      | Reached XP level 3. HP: 23/23 MP: 3/3
   811 | D:2      | Found Ablukyg's Assorted Antiques.
  1277 | D:2      | Noticed an ogre
  1279 | D:2      | Slain by an ogre

Illustrated notes

Levels and vault maps discovered:
D:1:      enne_arrival_octagon_isle, layout_loops_ring
D:2:      minmay_diamond_boxcup, layout_basic, serial_shops, shop

Skill      XL: |  1 |
---------------+----+-----
Axes           | 2 |  2.8
Fighting       | |  3.6
Armour         | |  3.7
Shields        | |  3.7

Action                   || total
-------------------------++-------
Melee: War axe           ||   112
  Use: Scroll            ||     4
Armor: Scale mail        ||    37
       Chain mail        ||    44
Dodge: Dodged            ||    50
Block: Buckler           ||    28

Table legend: (Time is in decaauts)
 A = Elapsed time spent in this place.
 B = Non-inter-level travel time spent in this place.
 C = Inter-level travel time spent in this place.
 D = Time resting spent in this place.
 E = Time spent auto-exploring this place.
 F = Levels seen in this place.
 G = Mean time per level.
                   A        B        C        D        E       F      G
               +--------+--------+--------+--------+--------+-----+--------+
         Total |   1324 |   1324 |      0 |      0 |    965 |   2 |  662.0 |
       Dungeon |   1324 |   1324 |      0 |      0 |    965 |   2 |  662.0 |
               +--------+--------+--------+--------+--------+-----+--------+

Top non-repeatable levels by time:
     D:1: 838 daAuts
     D:2: 485 daAuts
